 Dungeon Crawl Stone Soup version 0.30-a0-6-g7c9e10e132 (webtiles) character file.

Game seed: 17775153396746185345

28021 nickcage the Bludgeoner (level 13, -6/119 HPs)
             Began as a Minotaur Gladiator on Aug 22, 2022.
             Was a High Priest of Fedhas.
             Mangled by a skeletal warrior
             ... wielding a +0 mace
              (13 damage)
             ... on level 12 of the Dungeon.
             The game lasted 00:32:26 (14261 turns).

nickcage the Bludgeoner (Minotaur Gladiator)       Turns: 14261, Time: 00:32:27

Health: -6/119     AC: 16    Str: 29    XL:     13   Next: 7%
Magic:  17/17      EV:  9    Int:  5    God:    Fedhas [*****.]
Gold:   1042       SH: 14    Dex: 19    Spells: 12/12 levels left

rFire   + . .      SeeInvis +    n - +10 morningstar of Ubriutog {drain, Str+3 Dex+4}
rCold   + + .      Faith    .    u - +0 kite shield
rNeg    . . .      Spirit   .    F - +0 chain mail
rPois   .          Reflect  +    c - +0 hat
rElec   .          Harm     .    H - +0 cloak
rCorr   .          Rampage  .    o - +0 pair of gloves
Will    +....                    j - +0 pair of boots
Stlth   ..........               O - amulet "Lyttod" {Reflect rC++ Will+ Str+2 Dex+3 SH+5}
HPRegen 0.29/turn                m - ring of see invisible
MPRegen 0.15/turn                D - ring of protection from fire

@: no status effects
A: horns 2, retaliatory headbutt
a: Renounce Religion, Wall of Briars, Grow Ballistomycete, Overgrow, Grow Oklob


You were on level 12 of the Dungeon.
You worshipped Fedhas.
Fedhas was extremely pleased with you.
You visited 2 branches of the dungeon, and saw 16 of its levels.
You also visited: Bailey.

You collected 1222 gold pieces.
You spent 180 gold pieces at shops.

Inventory:

Hand Weapons
 a - a +3 long sword of chaos
 n - the +10 morningstar of Ubriutog (weapon) {drain, Str+3 Dex+4}
   (You bought it in a shop on level 4 of the Dungeon)

   A truly terrible weapon, it drains the life of any living foe it strikes.
   Str:       It affects your strength (+3).
   Dex:       It affects your dexterity (+4).
Missiles
 e - 7 javelins (quivered)
 N - 2 poisoned darts
Armour
 c - a +0 hat (worn)
 j - a +0 pair of boots (worn)
 o - a +0 pair of gloves (worn)
 u - a +0 kite shield (worn)
 F - a +0 chain mail (worn)
 H - a +0 cloak (worn)
Jewellery
 m - a ring of see invisible (left hand)
 C - a ring of protection from cold
 D - a ring of protection from fire (right hand)
 G - an amulet of regeneration
 O - the amulet "Lyttod" (around neck) {Reflect rC++ Will+ Str+2 Dex+3 SH+5}
   (You found it on level 2 of the Lair of Beasts)

   [amulet of reflection]

   It reflects blocked missile attacks.
   Str:       It affects your strength (+2).
   Dex:       It affects your dexterity (+3).
   rC:        It greatly protects you from cold.
   SH:        It affects your SH (+5).
   Will:      It increases your willpower.
 P - a ring of wizardry
 Q - a ring of protection from cold
 R - a ring of resist corrosion
 T - a +6 ring of intelligence
 U - an amulet of faith
Wands
 b - a wand of polymorph (8)
 d - a wand of iceblast (10)
 y - a wand of flame (5)
 J - a wand of light (3)
 K - a wand of paralysis (10)
Scrolls
 l - 3 scrolls of fear
 r - 2 scrolls of fog
 s - 5 scrolls of teleportation
 v - a scroll of silence
 x - 3 scrolls of amnesia
 E - 2 scrolls of poison
 L - 2 scrolls of magic mapping
 M - a scroll of identify
Potions
 f - 3 potions of ambrosia
 g - 3 potions of flight
 h - 4 potions of invisibility
 i - 5 potions of curing
 k - 6 potions of might
 p - 2 potions of haste
 q - 6 potions of mutation
 t - 3 potions of magic
 w - 3 potions of heal wounds
 z - 2 potions of cancellation
 A - 4 potions of resistance
 B - 4 potions of brilliance
 I - 2 potions of attraction
 S - a potion of lignification


   Skills:
 + Level 12.5 Fighting
 - Level 8.0 Long Blades
 + Level 17.8 Maces & Flails
 - Level 2.0 Throwing
 + Level 10.3 Armour
 - Level 3.2 Dodging
 + Level 2.2 Shields
 * Level 6.9 Invocations


You had 12 spell levels left.
You didn't know any spells.
Your spell library contained the following spells:

 Spells                   Type           Power      Damage    Failure   Level
 Necrotise                Necr           0%         1d4       100%        1
 Poisonous Vapours        Pois/Air       0%         N/A       100%        2
 Ignite Poison            Fire/Tmut/Pois 0%         N/A       100%        3
 Mephitic Cloud           Conj/Pois/Air  0%         N/A       100%        3
 Ozocubu's Armour         Ice            0%         N/A       100%        3
 Vampiric Draining        Necr           0%         2d6       100%        3
 Animate Dead             Necr           0%         N/A       100%        4
 Corpse Rot               Necr/Pois/Air  0%         N/A       100%        4
 Fulminant Prism          Conj/Hex       0%         3d6       100%        4
 Iskenderun's Mystic Bla  Conj/Tloc      0%         2d3       100%        4
 Agony                    Necr           0%         N/A       100%        5
 Freezing Cloud           Conj/Ice/Air   0%         6-21      100%        5
 Lee's Rapid Deconstruct  Erth           0%         3d5*      100%        5
 Metabolic Englaciation   Hex/Ice        0%         N/A       100%        5
 Dispersal                Tloc           0%         N/A       100%        6
 Simulacrum               Ice/Necr       0%         N/A       100%        6
 Haunt                    Necr/Summ      0%         N/A       100%        7
 Disjunction              Tloc           0%         N/A       100%        8
 Infestation              Necr           0%         N/A       100%        8


Dungeon Overview and Level Annotations

Branches:
Dungeon (12/15)            Temple (0/1) D:5            Lair (4/5) D:9
 Shoals (0/4) Lair:2       Spider (0/4) Lair:3          Orc (0/2) D:12
 Bailey (visited)
  Slime: Lair:4-5

Altars:
Ashenzari
Dithmenos
Fedhas
Hepliaklqana
Nemelex Xobeh
Okawaru
Ru
Uskayaw
Wu Jian
Xom
Zin

Shops:
D:4 ((=:


Innate Abilities, Weirdness & Mutations

You have a pair of horns on your head.
You reflexively headbutt those who attack you in melee.


Message History

You feel very sick.
The skeletal warrior hits you with a +0 mace!
* * * LOW HITPOINT WARNING * * *
The skeletal warrior hits you from afar with a +0 glaive.
* * * LOW HITPOINT WARNING * * *
You feel better.
You block the skeletal warrior's attack.
The skeletal warrior hits you from afar with a +0 glaive.
* * * LOW HITPOINT WARNING * * *
You impale the skeletal warrior!!
You headbutt the skeletal warrior, but do no damage.
The skeletal warrior is moderately damaged.
The skeletal warrior hits you with a +0 mace.
* * * LOW HITPOINT WARNING * * *
The skeletal warrior hits you from afar with a +0 glaive!
* * * LOW HITPOINT WARNING * * *
You hit the skeletal warrior but do no damage.
You headbutt the skeletal warrior, but do no damage.
The skeletal warrior is moderately damaged.
The skeletal warrior hits you with a +0 mace!
* * * LOW HITPOINT WARNING * * *
The skeletal warrior hits you from afar with a +0 glaive!
* * * LOW HITPOINT WARNING * * *
You feel much better.
You block the skeletal warrior's attack.
The skeletal warrior hits you from afar with a +0 glaive.
* * * LOW HITPOINT WARNING * * *
You open the door.
The skeletal warrior hits you from afar with a +0 glaive!
* * * LOW HITPOINT WARNING * * *
The skeletal warrior hits you with a +0 mace!
* * * LOW HITPOINT WARNING * * *
There is an open door here.
The skeletal warrior attacks as you move away!
The skeletal warrior barely misses you. You furiously retaliate!
You headbutt the skeletal warrior.
There is a stone staircase leading up, spattered with blood here.
The skeletal warrior hits you with a +0 mace!
You die...
Fedhas appreciates your contribution to the ecosystem.

#.....................#
#..................^..#
#.....................#
#.....................#
#.....................+
#....###...###..###..## .
#....###...########..###...
.##.....#......#.............
........#.....zz@............
........#....zz#.............
......z.#......#.....########
........#......#.....#
..#...#..#..#..#...### .
##################


You could see 4 skeletal warriors.

Vanquished Creatures
  Josephine (D:10)
  4 hydras
  A death yak (Lair:3)
  A two-headed ogre (D:11)
  An alligator (Lair:3)
  Urug (Lair:2)
  A deep troll (Lair:1)
  Pikel (D:6)
  A manticore (D:12)
  An ugly thing (D:12)
  A cyclops (D:11)
  2 elephants (Lair:3)
  A torpor snail (Lair:3)
  A gargoyle (D:12)
  6 black mambas
  6 cane toads
  2 rime drakes (Lair:3)
  2 kobold demonologists (D:10)
  A komodo dragon (Lair:1)
  3 trolls
  4 polar bears
  3 hornets
  6 blink frogs (Lair:3)
  A dream sheep (Lair:3)
  A vampire (D:11)
  3 shadows
  Sigmund (D:5)
  2 wyverns
  4 wraiths (D:10)
  23 yaks
  Eustachio (D:6)
  2 redbacks (Lair:3)
  A basilisk (Lair:1)
  2 steam dragons
  Menkaure (D:6)
  2 acid dragons
  5 water moccasins
  A black bear (D:6)
  4 orc warriors
  An ogre (D:6)
  4 wolves
  5 centaurs
  3 kobold brigands
  13 bullfrogs
  2 gnoll sergeants
  3 scorpions
  A necrophage (D:6)
  7 wights
  8 killer bees
  4 howler monkeys
  3 electric eels
  10 hounds
  2 orc priests (D:7)
  3 jellies
  2 iguanas
  6 orc wizards
  12 gnolls
  7 adders
  A white imp (D:5)
  2 ufetubi
  2 worms
  2 dart slugs (D:1)
  44 orcs
  3 ball pythons
  10 endoplasms
  4 giant cockroaches
  11 goblins
  4 hobgoblins
  18 kobolds
  3 bats
  4 frilled lizards
  5 rats
314 creatures vanquished.

Vanquished Creatures (others)
  6 fungi
  12 plants
18 creatures vanquished.

Grand Total: 332 creatures vanquished

Notes
Turn   | Place    | Note
-------+----------+-------------------------------------------
     0 | D:1      | nickcage the Minotaur Gladiator began the quest for the
                  | Orb.
     0 | D:1      | Reached XP level 1. HP: 18/18 MP: 0/0
   313 | D:1      | Reached XP level 2. HP: 13/25 MP: 1/1
   567 | D:1      | Found a faded altar of an unknown god.
   911 | D:1      | Reached skill level 5 in Long Blades
  1106 | D:2      | Reached XP level 3. HP: 30/30 MP: 2/2
  1201 | D:2      | Reached XP level 4. HP: 31/37 MP: 3/3
  2051 | D:3      | Found a hazy altar of Hepliaklqana.
  2069 | D:3      | Noticed a +0 spear
  2069 | D:3      | Noticed a +0 dagger
  2069 | D:3      | Noticed a +0 dagger
  2069 | D:3      | Noticed a +0 falchion
  2069 | D:3      | Noticed a +0 short sword
  2069 | D:3      | Noticed a +0 falchion
  2069 | D:3      | Noticed a +0 spear
  2069 | D:3      | Noticed a +0 short sword
  2104 | D:3      | Found a hide-covered altar of Uskayaw.
  2165 | D:3      | Found a blossoming altar of Fedhas.
  2199 | D:3      | Became a worshipper of Fedhas Madash
  2660 | D:3      | Reached XP level 5. HP: 42/42 MP: 4/4
  2772 | D:4      | Found Rakuroox's Book Emporium.
  3029 | D:4      | Found Niwetoxe's Jewellery Boutique.
  3121 | D:4      | Found a shimmering altar of Xom.
  3273 | D:4      | Found Wijohuede's Antique Weapon Emporium.
  3569 | D:4      | Found Rompoyt's Antique Weapon Shoppe.
  3572 | D:4      | Bought a slimy morningstar for 180 gold pieces
  3572 | D:4      | Identified the +10 morningstar of Ubriutog {drain, Str+3
                  | Dex+4} (You bought it in a shop on level 4 of the Dungeon)
  3626 | D:5      | Entered Level 5 of the Dungeon
  3759 | D:5      | Reached skill level 1 in Maces & Flails
  3759 | D:5      | Reached XP level 6. HP: 50/50 MP: 5/5
  3794 | D:5      | Found a staircase to the Ecumenical Temple.
  3804 | D:5      | Reached skill level 2 in Maces & Flails
  3824 | D:5      | Noticed Sigmund
  3829 | D:5      | Killed Sigmund
  3830 | D:5      | Reached skill level 4 in Maces & Flails
  3837 | D:5      | Reached XP level 7. HP: 47/57 MP: 6/6
  3900 | D:5      | Reached * piety under Fedhas
  3911 | D:5      | Reached skill level 5 in Maces & Flails
  4176 | D:5      | Found an ornate altar of the Wu Jian Council.
  4251 | D:5      | Reached skill level 6 in Maces & Flails
  4602 | D:6      | Noticed Menkaure
  4607 | D:6      | Killed Menkaure
  4608 | D:6      | Reached skill level 7 in Maces & Flails
  4702 | D:6      | Noticed Eustachio
  4719 | D:6      | Killed Eustachio
  4720 | D:6      | Reached skill level 8 in Maces & Flails
  4720 | D:6      | Reached XP level 8. HP: 57/66 MP: 7/7
  4828 | D:6      | Found a sparkling altar of Nemelex Xobeh.
  4847 | D:6      | Reached skill level 9 in Maces & Flails
  4899 | D:6      | Noticed Pikel
  4907 | D:6      | Killed Pikel
  4908 | D:6      | Reached skill level 10 in Maces & Flails
  4929 | D:6      | Found a broken altar of Ashenzari.
  5255 | D:6      | Reached skill level 11 in Maces & Flails
  5438 | D:7      | Reached ** piety under Fedhas
  5515 | D:7      | Reached XP level 9. HP: 73/73 MP: 8/8
  5802 | D:7      | Reached skill level 5 in Fighting
  6213 | D:8      | Found a flagged portal.
  6227 | Bailey   | Entered a bailey
  6251 | Bailey   | Reached skill level 12 in Maces & Flails
  6399 | Bailey   | Noticed an orc knight
  6507 | D:8      | Reached *** piety under Fedhas
  6551 | D:8      | Found a glowing silver altar of Zin.
  6752 | D:8      | Reached skill level 13 in Maces & Flails
  6984 | D:8      | Found an iron altar of Okawaru.
  7276 | D:9      | Found a shadowy altar of Dithmenos.
  7308 | D:9      | Reached skill level 14 in Maces & Flails
  7314 | D:9      | Found a staircase to the Lair.
  7360 | D:9      | Noticed a troll
  7368 | D:9      | Killed a troll
  7369 | D:9      | Reached XP level 10. HP: 77/83 MP: 9/9
  7537 | D:9      | Reached **** piety under Fedhas
  7696 | D:9      | Found a sacrificial altar of Ru.
  7839 | D:10     | Entered Level 10 of the Dungeon
  7852 | D:10     | Noticed Josephine
  7868 | D:10     | Killed Josephine
  7869 | D:10     | Reached skill level 15 in Maces & Flails
  8162 | D:10     | Reached skill level 16 in Maces & Flails
  8244 | D:10     | Reached skill level 1 in Armour
  8252 | D:10     | Reached skill level 1 in Invocations
  8732 | Lair:1   | Entered Level 1 of the Lair of Beasts
  8768 | Lair:1   | Noticed a black mamba
  8771 | Lair:1   | Killed a black mamba
  8787 | Lair:1   | Reached XP level 11. HP: 75/94 MP: 11/11
  9327 | Lair:1   | Reached ***** piety under Fedhas
  9657 | Lair:1   | Noticed a deep troll
  9662 | Lair:1   | Killed a deep troll
  9763 | Lair:2   | Reached skill level 5 in Armour
  9962 | Lair:2   | Noticed Urug
  9972 | Lair:2   | Killed Urug
  9973 | Lair:2   | Reached skill level 10 in Fighting
  9976 | Lair:2   | Reached skill level 17 in Maces & Flails
 10129 | Lair:2   | Found a staircase to the Shoals.
 10350 | Lair:2   | Identified the amulet "Lyttod" {Reflect rC++ Will+ Str+2
                  | Dex+3 SH+5}
 11206 | Lair:3   | Reached XP level 12. HP: 93/108 MP: 14/14
 11225 | Lair:3   | Reached skill level 5 in Invocations
 11352 | Lair:3   | Found a hole to the Spider Nest.
 12110 | Lair:3   | Noticed a six-headed hydra
 12337 | Lair:3   | Noticed an alligator
 12341 | Lair:3   | Killed a six-headed hydra
 12348 | Lair:3   | Killed an alligator
 12363 | Lair:3   | Reached skill level 1 in Shields
 12602 | Lair:4   | Noticed a death yak
 12626 | Lair:3   | Killed a death yak
 12679 | Lair:4   | Noticed a death yak
 12679 | Lair:4   | Noticed a death yak
 12679 | Lair:4   | Noticed a death yak
 12679 | Lair:4   | Noticed a death yak
 12682 | Lair:4   | Noticed a death yak
 12988 | D:11     | Noticed a seven-headed hydra
 12996 | D:11     | Killed a seven-headed hydra
 13241 | D:11     | Noticed a two-headed ogre
 13245 | D:11     | Killed a two-headed ogre
 13630 | D:12     | Noticed a four-headed hydra
 13637 | D:11     | Killed a four-headed hydra
 13775 | D:12     | Reached skill level 10 in Armour
 13932 | D:12     | Noticed a six-headed hydra
 13940 | D:12     | Killed a six-headed hydra
 13941 | D:12     | Reached XP level 13. HP: 105/119 MP: 17/17
 14092 | D:12     | Found a staircase to the Orcish Mines.
 14251 | D:12     | HP: 3/119 [skeletal warrior/+0 glaive (9)]
 14261 | D:12     | Mangled by a skeletal warrior

Illustrated notes

Levels and vault maps discovered:
D:1:      tarquinn_simple_flora_water_f, layout_loops_corners,
          shapermc_ecumenical_altar_mp_urbaneastern, st_stairs_8,
          serial_park_tiny_pond, hangedman_decor_slide_cut
D:2:      layout_basic, minmay_stone_trees_small, chequers_jeans
D:3:      layout_basic, fedhas_altar_2, mainiacjoe_overflow_six_doors_small,
          nicolae_uskayaw_en_pointe
D:4:      layout_loops_cross, xom_teletrap_fun, serial_shops, shop_fountains,
          nicolae_shop_temple_entry_statues_fountains,
          nicolae_shop_behind_doors, nicolae_shop_hallway_plus,
          kennysheep_small_square
D:5:      layout_loops_ring, nicolae_wu_jian_wuxing_cycle,
          minmay_temple_entry_ruins, uniq_sigmund
D:6:      layout_loops_ring, mainiacjoe_overflow_24_doors,
          nicolae_ashenzari_panopticon, uniq_eustachio, uniq_pikel,
          uniq_menkaure
D:7:      layout_loops_ring, serial_rivers, chequers_serial_rivers_micro_d,
          chequers_serial_rivers_large_b, chequers_serial_rivers_marsh,
          chequers_serial_rivers_micro_b, chequers_serial_rivers_micro_a,
          columned_hall_lemuel
D:8:      layout_loops_ring, okawaru_ov_weapons_minmay,
          mainiacjoe_overflow_alcove_2, enter_bailey_7, feat_on_display
D:9:      layout_basic, mainiacjoe_overflow_boulevard, hangedman_ru_absence,
          erik_lair_island
D:10:     layout_irregular_city, nicolae_eternal_life, uniq_josephine
D:11:     layout_irregular_city, minmay_misc_feat_square
D:12:     gargoyle_guard, layout_gridville, orc_0_dummy
Lair:1:   dreamdust_cave_troll, layout_gridlike
Lair:2:   layout_cave_pods, minmay_shoals_entry_centaurs, uniq_urug
Lair:3:   nzn_winding_woodlands_stair_cross
          [nzn_winding_woodlands_5x15_concentric,
          nzn_winding_woodlands_center_pierced_h,
          nzn_winding_woodlands_5x15_river_crossing,
          nzn_winding_woodlands_5x5_three,
          nzn_winding_woodlands_5x5_closed_star,
          nzn_winding_woodlands_5x15_garden,
          nzn_winding_woodlands_center_diamonds,
          nzn_winding_woodlands_5x15_pool], layout_cave_pods,
          spider_nest_entry_webs
Lair:4:   layout_hall_layers

Skill      XL: |  1  2  3  4  5  6  7  8  9 10 11 12 |
---------------+-------------------------------------+-----
Long Blades    | 4 5 6 8 |  8.0
Maces & Flails | 1 4 8 11 14 16 17 | 17.8
Fighting       | 3 4 6 8 10 12 | 12.5
Armour         | 2 7 10 | 10.3
Invocations    | 1 4 6 |  6.9
Shields        | 2 |  2.2
Throwing       | |  2.0
Dodging        | |  3.2

Action                   |  1- 3 |  4- 6 |  7- 9 | 10-12 | 13-15 || total
-------------------------+-------+-------+-------+-------+-------++-------
Melee: Long sword        |    48 |    73 |       |       |       ||   121
       Headbutt          |     8 |    11 |    21 |    70 |     4 ||   114
       Morningstar       |       |    14 |   186 |   371 |    22 ||   593
       Punch             |       |     1 |       |     5 |       ||     6
Throw: Javelin           |       |     6 |     8 |     7 |       ||    21
  Use: Scroll            |       |     3 |    17 |    11 |       ||    31
       Potion            |       |       |     1 |     3 |     3 ||     7
 Stab: Sleeping          |       |     1 |       |       |       ||     1
Armor: Leather armour    |    18 |    29 |     3 |       |       ||    50
       Chain mail        |       |       |   109 |   146 |     6 ||   261
Dodge: Dodged            |    36 |    55 |   120 |   138 |     6 ||   355
Block: Other             |       |       |       |    22 |       ||    22
       Kite shield       |       |       |       |    23 |    16 ||    39

Table legend: (Time is in decaauts)
 A = Elapsed time spent in this place.
 B = Non-inter-level travel time spent in this place.
 C = Inter-level travel time spent in this place.
 D = Time resting spent in this place.
 E = Time spent auto-exploring this place.
 F = Levels seen in this place.
 G = Mean time per level.
                   A        B        C        D        E       F      G
               +--------+--------+--------+--------+--------+-----+--------+
         Total |  14328 |  13549 |    779 |   1455 |  10100 |  17 |  842.8 |
       Dungeon |  10138 |   9570 |    568 |   1129 |   7137 |  12 |  844.8 |
          Lair |   3968 |   3757 |    211 |    274 |   2963 |   4 |  992.0 |
        Bailey |    222 |    222 |      0 |     52 |      0 |   1 |  222.0 |
               +--------+--------+--------+--------+--------+-----+--------+

Top non-repeatable levels by time:
  Lair:3: 1741 daAuts
  Lair:2: 1142 daAuts
     D:1: 1081 daAuts
     D:3: 1013 daAuts
  Lair:1: 1010 daAuts
     D:7: 964 daAuts
     D:5: 952 daAuts
    D:10: 947 daAuts
     D:4: 870 daAuts
    D:11: 824 daAuts
     D:8: 811 daAuts
     D:6: 762 daAuts
     D:9: 737 daAuts
     D:2: 677 daAuts
    D:12: 494 daAuts
